 Dungeon Crawl Stone Soup version 0.13-b1-45-g38f3f9b (webtiles) character file.

468 Lilouch the Shield-Bearer (level 6, -1/38 HPs)
             Began as a Gargoyle Fighter on Oct 9, 2013.
             Slain by a komodo dragon skeleton (9 damage)
             ... on Level 4 of the Dungeon.
             The game lasted 00:17:33 (3315 turns).

Lilouch the Shield-Bearer (Gargoyle Fighter)        Turns: 3315, Time: 00:17:33

HP  -1/38        AC 11     Str 21      XL: 6   Next: 21%
MP   5/5         EV  7     Int  9      God:
Gold 200         SH 19     Dex  9      Spells:  0 memorised,  5 levels left

Res.Fire  : . . .   See Invis. : .   u - +2,+1 long sword
Res.Cold  : . . .   Warding    : .   b - +0 scale mail
Life Prot.: + . .   Conserve   : .   c - +0 shield
Res.Poison: +       Res.Corr.  : .   (no helmet)
Res.Elec. : +       Clarity    : .   (no cloak)
Sust.Abil.: . .     Spirit.Shd : .   (no gloves)
Res.Mut.  : .       Stasis     : .   (no boots)
Res.Rott. : +       Flight     : .   (no amulet)
Saprovore : . . .                    (no ring)
                                     j - ring of flight

@: slightly resistant to hostile enchantments, extremely unstealthy
A: fangs 1, talons 2, life protection 1, electricity resistance, slow metabolism
1, unbreathing, petrification resistance, AC +4
a: Evoke Flight


You were on level 4 of the Dungeon.
You were not hungry.

You visited 1 branch of the dungeon, and saw 4 of its levels.

You collected 180 gold pieces.

Inventory:

Hand weapons
 a - a +0,+0 falchion
 k - a +0,+2 sling
 u - a +2,+1 long sword (weapon)
 A - a +0,+0 sling
 B - a -1,+0 orcish spear (quivered)
 G - a +0,+0 elven falchion
 N - a -1,+1 orcish spear
 P - a -1,+0 orcish spear
 Q - a -1,+0 orcish spear
 R - a -1,+0 orcish spear
Missiles
 g - 12 darts
 o - 12 poisoned needles
 J - 29 stones
Armour
 b - a +0 scale mail (worn)
 c - a +0 shield (worn)
 h - a +1 leather armour of cold resistance
Comestibles
 d - 4 bread rations
 t - 3 rotting chunks of orc flesh
 v - a meat ration
 w - a choko
 K - 3 rotting chunks of orc flesh
 L - 2 rotting chunks of goblin flesh
 O - 2 chunks of kobold flesh
 S - a pear
Scrolls
 i - a scroll of fear {unknown}
 l - 2 scrolls of noise {unknown}
 n - a scroll of identify {unknown}
 r - a scroll of remove curse {unknown}
 s - 3 scrolls of enchant weapon II {unknown}
 y - a scroll of random uselessness {unknown}
 H - a scroll of curse armour {unknown}
 I - a scroll of teleportation {unknown}
 M - a scroll of curse jewellery {unknown}
Jewellery
 j - a ring of flight (left hand)
Potions
 e - 8 potions of curing {unknown}
 f - a potion of brilliance {unknown}
 m - a potion of flight {unknown}
 p - 2 potions of magic {unknown}
 q - a potion of degeneration {unknown}
 x - a potion of speed {unknown}
 z - a potion of heal wounds {unknown}
 C - a potion of paralysis {unknown}
 D - a potion of invisibility {unknown}
 E - 2 potions of confusion {unknown}
 F - a potion of might {unknown}


   Skills:
 - Level 3.3 Fighting
 * Level 4.2 Long Blades
 + Level 4.5 Armour
 + Level 4.6 Shields


You had 5 spell levels left.
You didn't know any spells.

Dungeon Overview and Level Annotations

Branches:
Dungeon (4/27)             Temple (0/1) D:4

Altars:
Okawaru
Trog

Shops:
D:4 *


Innate Abilities, Weirdness & Mutations

You are resistant to torment.
You are immune to poison.
Your stone body is very resilient (AC +4).
You have very sharp teeth.
You have razor-sharp toenails.
You resist negative energy.
You are resistant to electric shocks.
You have a slow metabolism.
You can survive without breathing.
You are immune to petrification.


Message History

You closely miss the orc. You claw the orc.
The orc is lightly wounded.
The orc closely misses you.
You block the komodo dragon skeleton's attack.
You closely miss the orc.
The orc is lightly wounded.
You block the orc's attack. The komodo dragon skeleton bites you!
You block the orc's attack. The orc hits you but does no damage.
You hit the orc.
You kill the orc!
You slash the komodo dragon skeleton! You claw the komodo dragon skeleton!
The komodo dragon skeleton bites you!
Ouch! That really hurt!
* * * LOW HITPOINT WARNING * * *
Ugh!
There is something really disgusting in your inventory. (slot t)
You slash the komodo dragon skeleton! The komodo dragon skeleton bites you.
* * * LOW HITPOINT WARNING * * *
You hit the komodo dragon skeleton. The komodo dragon skeleton bites you!
You die...

..........<.............######.
#.######........#####.#.#####.
#.######........##.............
................##....(...####
...........).............## .
.......#...#.#####.......#.....
..#.####...#.# #..........>(.
..#.########.#####....).?#.....
................@Z.......##...
.##.########.#####........####
.....#.....>..####..........
.....<......)................
....%#........##############
....))<.............
###################


You could see a komodo dragon skeleton.

Vanquished Creatures
  A crimson imp (D:3)
  2 orc wizards
  Ijyb (D:2)
  6 adders
  2 giant mites
  An iguana skeleton (D:4)
  An ooze (D:1)
  9 orcs
  2 ball pythons (D:2)
  8 giant cockroaches
  10 goblins
  7 hobgoblins
  5 jackals
  11 kobolds
  3 quokkas
  6 bats
  5 giant geckos
  A giant newt (D:2)
  7 rats
88 creatures vanquished.

Notes
Turn   | Place    | Note
--------------------------------------------------------------
     0 | D:1      | Lilouch, the Gargoyle Fighter, began the quest for the Orb.
     0 | D:1      | Reached XP level 1. HP: 14/14 MP: 0/0
    66 | D:1      | Reached XP level 2. HP: 13/19 MP: 1/1
   569 | D:1      | Reached XP level 3. HP: 22/24 MP: 2/2
  1682 | D:2      | Reached XP level 4. HP: 22/28 MP: 3/3
  1721 | D:2      | Found an iron altar of Okawaru.
  1789 | D:2      | Reached skill level 4 in Shields
  1929 | D:2      | Noticed Ijyb
  1955 | D:2      | Killed Ijyb
  2250 | D:3      | Reached XP level 5. HP: 29/33 MP: 4/4
  2407 | D:3      | Found a bloodstained altar of Trog.
  3068 | D:4      | Reached XP level 6. HP: 20/38 MP: 5/5
  3151 | D:4      | Found a staircase to the Ecumenical Temple.
  3156 | D:4      | Found Vuminif's General Store.
  3315 | D:4      | Slain by a komodo dragon skeleton

Action                   |  1- 3 |  4- 6 || total
-------------------------+-------+-------++-------
Melee: Falchion          |    81 |   199 ||   280
       Long sword        |       |    19 ||    19
